 Dungeon Crawl Stone Soup version 0.19-a0-1511-g16f215b (webtiles) character file.

2782 Promi the Spear-Bearer (level 9, -11/72 HPs)
             Began as a Merfolk Monk on Sept 12, 2016.
             Was a Believer of Sif Muna.
             Mangled by an orc warrior
             ... wielding a +0 flail
              (18 damage)
             ... on level 7 of the Dungeon.
             The game lasted 00:51:59 (10493 turns).

Promi the Spear-Bearer (Merfolk Monk)              Turns: 10493, Time: 00:52:00

Health: -11/72     AC:  8    Str: 13    XL:     9   Next: 70%
Magic:  16/16      EV: 18    Int: 11    God:    Sif Muna [**....]
Gold:   676        SH:  0    Dex: 16    Spells: 0 memorised, 18 levels left

rFire  x . .     SeeInvis .     r - +0 trident (curse)
rCold  + . .     Gourm    .     b - +1 robe
rNeg   . . .     Faith    .     (no shield)
rPois  .         Spirit   .     k - +2 hat
rElec  .         Dismiss  .     (no cloak)
rCorr  .         Reflect  .     (no gloves)
MR     .....     Harm     .     o - +2 pair of boots
Stlth  ++++......               (no amulet)
                                n - ring of ice
                                h - ring of wizardry

@: about to teleport, drained
A: change form in water, swift swim, stealthy swim
a: Divine Energy, Renounce Religion


You were on level 7 of the Dungeon.
You worshipped Sif Muna.
Sif Muna was pleased with you.
You were not hungry.

You visited 2 branches of the dungeon, and saw 9 of its levels.
You also visited: Sewer.

You collected 676 gold pieces.

Inventory:

Hand Weapons
 a - a +1 spear
 r - a cursed +0 trident (weapon)
Armour
 b - a +1 robe (worn)
 d - the +3 scale mail of the Barracuda {rF+ rC+ Str+4, unknown}
   (You found it on level 5 of the Dungeon)

   It affects your strength (+4).
   It protects you from fire.
   It protects you from cold.
 k - a +2 hat (worn)
 o - a +2 pair of boots (worn)
Jewellery
 h - a ring of wizardry (left hand)
 l - an uncursed ring of positive energy
 n - a ring of ice (right hand)
 t - a cursed ring of protection from fire {unknown}
Wands
 e - a wand of flame (0/48)
 j - a wand of lightning (2/15)
 p - a wand of flame (23/48)
Scrolls
 f - 5 scrolls of remove curse
 i - a scroll of amnesia
 m - 5 scrolls of identify
Potions
 s - 9 potions of curing
 u - 2 potions of brilliance
Comestibles
 c - 5 bread rations
 g - 3 meat rations
 q - 4 beef jerkies
 w - 10 chunks of flesh


   Skills:
 + Level 7.0(6.8) Fighting
 + Level 9.7(9.5) Polearms
 + Level 8.6(8.4) Dodging
 + Level 7.1(6.9) Stealth
 + Level 5.1(5.0) Spellcasting


You had 18 spell levels left.
You didn't know any spells.

Dungeon Overview and Level Annotations

Branches:
Dungeon (8/15)             Temple (1/1) D:6
   Lair: D:8-11

Altars:
Ashenzari
Cheibriados
Fedhas
Gozag
Hepliaklqana
Makhleb
Nemelex Xobeh
Okawaru
Qazlal
Ru
Sif Muna
Trog
Uskayaw
Vehumet
Xom
Yredelemnul
Zin
The Shining One

Annotations:
D:4 Grim's ghost, novice MiBe
D:6 Menkaure


Message History

The orc warrior completely misses you.
You barely miss the orc warrior. You barely miss the orc warrior.
The orc warrior misses you.
You barely miss the orc warrior. The orc warrior hits you with a flail!
You hit the orc warrior but do no damage.
The orc warrior hits you with a flail.
You puncture the orc warrior!
The orc warrior is moderately wounded.
You hit the orc warrior.
The orc warrior is heavily wounded.
The orc warrior hits you with a flail!
You barely miss the orc warrior.
The orc warrior is heavily wounded.
The orc warrior hits you with a flail!!
* * * LOW HITPOINT WARNING * * *
You hit the orc warrior.
The orc warrior is heavily wounded.
As you read the scroll of teleportation, it crumbles to dust.
You feel strangely unstable. The orc warrior hits you with a flail!!
You die...

##### ....## #####
.....## ##...##
......# ##.....##
......####.......#
.......)##.....o@#
......#..........#
....[.####......##
.....## ###)....##
....#####........#
###....##........#
..####.#.........#
#........##.....##
.##...#.####...##


You could see an orc warrior.

Vanquished Creatures
  Joseph (D:7)
  Prince Ribbit (D:7)
  A phantom (D:7)
  3 sky beasts
  2 ice beasts
  5 centaurs
  2 big kobolds (Sewer)
  A giant frog (D:7)
  3 wights (D:7)
  3 howler monkeys (D:7)
  3 crimson imps
  A giant frog zombie (D:6)
  2 centaur zombies
  5 hounds
  An orc priest (D:5)
  A giant frog skeleton (D:5)
  A jelly (D:5)
  An iguana (D:5)
  4 orc wizards
  2 worker ants (D:5)
  7 river rats (Sewer)
  8 adders
  3 shadow imps
  2 oozes
  An adder zombie (D:7)
  A worm (D:3)
  6 giant geckos
  14 orcs
  4 giant cockroaches
  6 goblins
  7 hobgoblins
  3 jackals (D:1)
  21 kobolds
  5 quokkas
  6 ball pythons
  4 bats
  5 giant newts
  20 rats
166 creatures vanquished.

Vanquished Creatures (others)
  An orc wizard (D:4)
1 creature vanquished.

Grand Total: 167 creatures vanquished

Notes
Turn   | Place    | Note
-------+----------+-------------------------------------------
     0 | D:1      | Promi the Merfolk Monk began the quest for the Orb.
     0 | D:1      | Reached XP level 1. HP: 18/18 MP: 1/1
    66 | D:1      | Reached skill level 1 in Spellcasting
    66 | D:1      | Reached XP level 2. HP: 15/24 MP: 3/3
   796 | D:1      | Reached XP level 3. HP: 29/29 MP: 4/4
  1524 | D:2      | Reached skill level 5 in Polearms
  1524 | D:2      | Reached XP level 4. HP: 28/37 MP: 5/5
  2514 | D:3      | Found a glowing golden altar of the Shining One.
  2697 | D:3      | Reached XP level 5. HP: 34/42 MP: 7/7
  2836 | D:4      | Noticed an ice beast
  3035 | D:4      | Noticed Grim's ghost (novice MiBe)
  3206 | D:4      | Found a glowing drain.
  3214 | Sewer    | Entered a sewer
  3400 | Sewer    | Reached skill level 5 in Dodging
  3416 | Sewer    | Noticed a big kobold
  3458 | Sewer    | Killed a big kobold
  3458 | Sewer    | Reached XP level 6. HP: 28/48 MP: 7/9
  3710 | Sewer    | Reached skill level 6 in Polearms
  4973 | D:4      | Reached XP level 7. HP: 25/55 MP: 10/10
  5264 | D:5      | Entered Level 5 of the Dungeon
  5300 | D:5      | Got an encrusted scale mail
  5607 | D:5      | HP: 2/55 [centaur zombie (5)]
  6035 | D:5      | Reached skill level 7 in Polearms
  6388 | D:5      | Reached skill level 5 in Fighting
  6635 | D:5      | Reached skill level 5 in Stealth
  6635 | D:5      | Reached XP level 8. HP: 12/62 MP: 11/13
  6938 | D:5      | Found a sparkling altar of Nemelex Xobeh.
  7761 | D:6      | Reached skill level 8 in Polearms
  8329 | D:6      | Noticed Menkaure
  8394 | D:7      | Noticed Prince Ribbit
  9174 | D:7      | Killed Prince Ribbit
  9174 | D:7      | Reached XP level 9. HP: 27/70 MP: 15/15
  9300 | D:7      | Reached skill level 9 in Polearms
  9596 | D:6      | Found a staircase to the Ecumenical Temple.
  9617 | Temple   | Entered the Ecumenical Temple
  9839 | Temple   | Became a worshipper of Sif Muna the Loreminder
  9839 | Temple   | Reached * piety under Sif Muna
  9839 | Temple   | Reached ** piety under Sif Muna
 10092 | D:7      | Noticed Joseph
 10117 | D:7      | Killed Joseph
 10117 | D:7      | Reached skill level 5 in Spellcasting
 10493 | D:7      | Mangled by an orc warrior

Vault maps used:
D:1:      ncdulo_wetmaze, serial_curves, eino_curves_02, eino_curves_02
D:2:      kennysheep_generic_room_11
D:3:      wad_crossroads, tso_metal_star
D:4:      first_bread, lightli_sewer_entry_pipes
D:5:      nemelex_xobeh_ov_fountains_minmay, minmay_bent
D:6:      st_stairs_4, uniq_menkaure
D:7:      uniq_prince_ribbit1, uniq_joseph
D:8:      lemuel_crystal_altar, kiku_gazebo_pond_becter,
          gup_ossuary_entry_pyramid
Temple:   regret_index_temple_sphere_string
Sewer:    sewer_minmay_treatment

Skill      XL: |  1  2  3  4  5  6  7  8  9 |
---------------+----------------------------+-----
Spellcasting   | 1 2 3 4 5 |  5.1
Polearms       | 5 6 7 8 9 |  9.7
Stealth        | 3 4 5 6 7 |  7.1
Fighting       | 4 5 6 7 |  7.0
Dodging        | 5 6 7 8 |  8.6

Action                   |  1- 3 |  4- 6 |  7- 9 || total
-------------------------+-------+-------+-------++-------
Melee: Spear             |   132 |   453 |   708 ||  1293
       Tailslap          |       |     3 |       ||     3
       Trident           |       |       |    57 ||    57
Evoke: Wand              |       |       |     8 ||     8
  Use: Scroll            |     1 |    10 |     6 ||    17
       Potion            |       |     6 |     9 ||    15
 Stab: Sleeping          |     7 |     9 |     8 ||    24
       Distracted        |       |     1 |     2 ||     3
  Eat: Chunk             |     2 |    11 |     7 ||    20
       Pizza             |       |       |     1 ||     1
       Beef jerky        |       |       |     1 ||     1
       Bread ration      |       |       |     2 ||     2
Armor: Robe              |     9 |    51 |   102 ||   162
Dodge: Dodged            |    73 |   220 |   402 ||   695
